[Event "*** Titled Tuesday Blitz"]
[Site "Chess.com"]
[Date "2021.04.06"]
[Round "2"]
[White "hansen"]
[Black "m_ezat"]
[Result "1-0"]
[WhiteElo "2845"]
[BlackElo "2544"]
[TimeControl "180+1"]
[EndTime "10:17:52 PDT"]
[Termination "hansen won by resignation"]

1. e4 c6 2. Nf3 d5 3. d3 dxe4 4. dxe4 Qxd1+ 5. Kxd1 Bg4 6. Be2 Nd7 7. Nfd2 Bxe2+ 8.
Kxe2 e5 9. a4 Ngf6 10. f3 Nc5 11.
Nc4 Nfd7 12. Rd1 Ne6 13. c3 O-O-O 14. b4 Be7 15. Be3 Kb8 16. Nbd2 h6 17. Nb3 Bg5 18.
Bg1 Rhf8 19. g3 Be7 20. a5 f5 21. exf5 Rxf5 22. Be3 Rff8 23. Nbd2 Nf6 24. Ne4 Nxe4 25. fxe4 Bf6 26. h4 Nc7 27. Nd6 Rd7 28. Nf5 Rfd8 29. Rxd7 Rxd7 30. Rf1 Nb5 31. Bd2 h5 32. Ne3 Kc7 33.
Nc4 Nd6 34. Nxd6 Kxd6 35. Rf5 Ke6 36. Rxh5 Rd8 37. Rf5 b5 38. Be3 a6 39. h5 Rh8 40.
g4 Be7 41. Bg5 Bd6 42. Be3 Be7 43. Bc5 Bd8 44. Rf3 Bg5 45. Rd3 Be7 46. Bxe7 Kxe7 47.
Rf3 Ke6 48. Rf5 Rd8 49. Rg5 Kf6 50. Rg6+ Kf7 51. Rxc6 Ra8 52. g5 1-0

[Event "*** Titled Tuesday Blitz"]
[Site "Chess.com"]
[Date "2021.04.06"]
[Round "2"]
[White "Sjakkerntobi"]
[Black "Joseacorrea"]
[Result "1-0"]
[WhiteElo "2396"]
[BlackElo "2084"]
[TimeControl "180+1"]
[EndTime "10:17:52 PDT"]
[Termination "Sjakkerntobi won on time"]

1. e4 c5 2. Nf3 Nc6 3. d4 cxd4 4. Nxd4 g6 5. Nc3 Bg7 6. Be3 Nf6 7. Bc4 Qa5 8. O-O O-O 9. Bb3 d6 10. f4 Ng4 11.
Nxc6 bxc6 12. Bd4 e5 13. fxe5 dxe5 14. Bf2 Nxf2 15. Rxf2 Ba6 16. Qd7 Qb6 17. Na4 Qe3 18. Qxc6 Be2 19. Re1 Rac8 20. Qd6 Rfd8 21. Qb4 Rd2 22.
Bxf7+ Kh8 23. Nc3 Bf8 24. Qa5 Bc5 25. Qxc5 Qxc5 26. Rxe2 Rxe2 27. Nxe2 1-0

[Event "*** Titled Tuesday Blitz"]
[Site "Chess.com"]
[Date "2021.04.06"]
[Round "2"]
[White "IwkooO"]
[Black "volunteers1998"]
[Result "1-0"]
[WhiteElo "2605"]
[BlackElo "2227"]
[TimeControl "180+1"]
[EndTime "10:17:54 PDT"]
[Termination "IwkooO won on time"]

1. e4 c5 2. Nc3 Nc6 3. Nge2 g6 4. d4 cxd4 5. Nxd4 Bg7 6. Be3 d6 7. Bc4 Nf6 8. h3 O-O 9. O-O a6 10. a3 Nxd4 11. Bxd4 b5 12. Bb3 Bb7 13. Qd3 Rc8 14. Rfe1 Qc7 15. Rad1 Rfd8 16. Re2 Ne8 17. Bd5 Bxd4 18.
Qxd4 Nf6 19. Rd3 Bxd5 20. exd5 Qd7 21. Rde3 Re8 22. Qb6 Ra8 23. Kh2 Ra7 24. Rf3 Kg7 25.
Qd4 Rc8 26. b3 Rac7 27. Ne4 Qd8 28. c3 h5 29. g4 hxg4 30. hxg4 Qh8+ 31. Rh3 Qd8 32. g5 1-0

[Event "*** Titled Tuesday Blitz"]
[Site "Chess.com"]
[Date "2021.04.06"]
[Round "2"]
[White "Kale36"]
[Black "lacafi"]
[Result "1-0"]
[WhiteElo "2427"]
[BlackElo "2197"]
[TimeControl "180+1"]
[EndTime "10:17:54 PDT"]
[Termination "Kale36 won by resignation"]

1. b3 f5 2. Bb2 Nf6 3. Bxf6 exf6 4. c4 g6 5. Nc3 Bg7 6. g3 O-O 7. Bg2 c6 8. e3 d6 9. Nge2 g5 10.
h4 Nd7 11. d4 Re8 12. Qc2 Nf8 13. O-O-O a6 14. Rh2 Rb8 15. Rdh1 h6 16. hxg5 fxg5 17. e4 fxe4 18. Bxe4 Qf6 19. f4 Bd7 20. Rf2 b5 21.
Rhf1 bxc4 22. bxc4 c5 23. Nd5 Qd8 24. fxg5 Qxg5+ 25.
Kd1 cxd4 26. Nf6+ Bxf6 27. Rxf6 Rxe4 28. Qxe4 Ba4+ 29. Ke1 d3 30. Qxd3 Re8 31. Qd5+ Qxd5 32. cxd5 Bb5 33. R1f2 1-0

[Event "*** Titled Tuesday Blitz"]
[Site "Chess.com"]
[Date "2021.04.06"]
[Round "2"]
[White "maximych26"]
[Black "Torrentec"]
[Result "1-0"]
[WhiteElo "2250"]
[BlackElo "2440"]
[TimeControl "180+1"]
[EndTime "10:17:55 PDT"]
[Termination "maximych26 won by resignation"]

1. e4 e5 2. Nf3 Nc6 3. Bc4 Bc5 4.
d3 d6 5. Nc3 Be6 6. Bb3 Nf6 7.
Bg5 h6 8. Bxf6 Qxf6 9. Nd5 Qd8 10. c3 Ne7 11. d4 exd4 12. Nxd4 Nxd5 13. exd5 Bd7 14.
O-O O-O 15. Bc2 Qg5 16. Qd3 g6 17. Nf3 Qf6 18. Qd2 Kg7 19. Rfe1 Bg4 20. Nd4 Rae8 21. h3 Bd7 22. b4 Bb6 23. a4 a5 24. b5 Re5 25. Nf3 Rxe1+ 26. Nxe1 Re8 27. Nd3 Qh4 28. Re1 Rxe1+ 29. Nxe1 Qc4 30. Qd3 Qa2 31. Qf3 Qa1 32. Kf1 Qc1 33. Qd1 Qf4 34. Qf3 Qc4+ 35. Qd3 Qf4 36. Qf3 Qd2 37. Qd1 Qxc3 38. Qd3 Qe5 39. Nf3 Qa1+ 40. Qd1 Qa3 41. Qd3 Bf5 42. Qxa3 Bxc2 43.
Qc3+ 1-0

[Event "*** Titled Tuesday Blitz"]
[Site "Chess.com"]
[Date "2021.04.06"]
[Round "2"]
[White "Nara_Kh"]
[Black "Michaelson_11"]
[Result "1-0"]
[WhiteElo "2454"]
[BlackElo "2233"]
[TimeControl "180+1"]
[EndTime "10:17:55 PDT"]
[Termination "Nara_Kh won by resignation"]

1. e4 e6 2. d4 d5 3. Nd2 c5 4.
Ngf3 Nc6 5. exd5 exd5 6. Bb5 Qe7+ 7. Be2 Qc7 8. O-O Nf6 9. Re1 Be6 10. c3 O-O-O 11.
a4 cxd4 12. cxd4 Bb4 13. Rf1 Rhe8 14. Nb3 Ne4 15. Be3 f5 16. g3 h6 17. Rc1 g5 18.
Ne5 f4 19. Bb5 fxe3 20. Nxc6 exf2+ 21. Kg2 bxc6 22. Rxc6 Qxc6 23. Bxc6 Rf8 24. Qe2 Kc7 25. Qa6 Rb8 26. Bb5 Kd8 27. Qxe6 1-0

[Event "*** Titled Tuesday Blitz"]
[Site "Chess.com"]
[Date "2021.04.06"]
[Round "2"]
[White "marszach123"]
[Black "Treacherous_horse64"]
[Result "1/2-1/2"]
[WhiteElo "2152"]
[BlackElo "2407"]
[TimeControl "180+1"]
[EndTime "10:17:55 PDT"]
[Termination "Game drawn by stalemate"]

1. e4 c6 2. d4 d5 3. Nd2 dxe4 4. Nxe4 Nd7 5. c3 Ngf6 6. Nxf6+ Nxf6 7. Bc4 Bf5 8. Qb3 e6 9. Qxb7 Qc8 10. Ba6 Qd8 11. Qxc6+ Nd7 12. Nf3 Be7 13. Ne5 Rb8 14. Bb5 O-O 15. Qxd7 Qa5 16. O-O Bf6 17. Be2 Bxe5 18.
dxe5 Qxe5 19. Be3 a5 20. Bf3 Rxb2 21. Bd4 Qf4 22. Rad1 Rxa2 23. Bc5 g6 24. Bxf8 Kxf8 25. Qd8+ Kg7 26. Qd4+ Qxd4 27. Rxd4 Rc2 28. Ra4 Rxc3 29. Rxa5 h5 30. h3 Bxh3 31. Rd1 Bf5 32. Ra7 e5 33.
Bd5 Kh6 34. Rxf7 e4 35. Re7 Bg4 36. Re1 Rc5 37. Bxe4 Kg5 38. Rg7 Bf5 39. Bxf5 Rxf5 40. Re3 Rd5 41. Rg3+ Kh4 42. R7xg6 Rd1+ 43. Kh2 Rh1+ 44.
Kxh1 1/2-1/2

[Event "*** Titled Tuesday Blitz"]
[Site "Chess.com"]
[Date "2021.04.06"]
[Round "2"]
[White "Balla_Tamas"]
[Black "crescentmoon2411"]
[Result "0-1"]
[WhiteElo "2551"]
[BlackElo "2875"]
[TimeControl "180+1"]
[EndTime "10:17:56 PDT"]
[Termination "crescentmoon2411 won by resignation"]

1. e4 c5 2. Nf3 e6 3. d4 cxd4 4. Nxd4 Nc6 5. Nc3 a6 6. g3 Qc7 7. Bg2 Bc5 8. Nb3 Be7 9. O-O Nf6 10. f4 d6 11. Be3 O-O 12. h3 b5 13. g4 Bb7 14. g5 Nd7 15. Qe2 b4 16. Na4 a5 17.
Qf2 Ba6 18. Rfd1 Rab8 19. a3 Bb5 20. axb4 Nxb4 21. Nc3 a4 22. Nxb5 Rxb5 23. Nd4 Ra5 24. c3 Nc6 25. Nxc6 Qxc6 26. e5 d5 27. Bd4 Rb8 28.
h4 g6 29. h5 Rab5 30. Rd2 Rb3 31.
hxg6 hxg6 32. Bf3 Bf8 33. Bd1 Nc5 34. Qh4 Rxb2 35. Ra2 Rxa2 36. Rxa2 Rb1 37. Qe1 Nd3 38. Qd2 Qc4 39. Rc2 a3 40. Kg2 a2 41. Rxa2 Rxd1 42. Qxd1 Qxa2+ 43. Kf3 Nc5 0-1

[Event "*** Titled Tuesday Blitz"]
[Site "Chess.com"]
[Date "2021.04.06"]
[Round "2"]
[White "MrTattaglia"]
[Black "ozates"]
[Result "1-0"]
[WhiteElo "2799"]
[BlackElo "2525"]
[TimeControl "180+1"]
[EndTime "10:17:56 PDT"]
[Termination "MrTattaglia won by resignation"]

1. d4 Nf6 2. Bf4 g6 3. Nc3 Bg7 4. e4 O-O 5. Qd2 d6 6. O-O-O c5 7.
dxc5 Qa5 8. cxd6 exd6 9. Bxd6 Re8 10. e5 Ng4 11. f4 Nc6 12. Nf3 Bh6 13. Kb1 Bf5 14.
Bd3 Bxd3 15. Qxd3 Nf2 16. Qd5 Nxh1 17. Rxh1 Bxf4 18. Qxa5 Nxa5 19. Nd5 Bh6 20. Nf6+ Kg7 21. g4 Bf4 22. Nd5 g5 23. h4 h6 24. hxg5 hxg5 25. Nf6 Rh8 26. Nh5+ Kg6 27. b3 Nc6 28. Re1 Rae8 29.
Nxf4+ gxf4 30. Re4 f5 31. Rxf4 fxg4 32. Rxg4+ Kf5 33.
Rg7 Ke4 34. Nd2+ Kd5 35. Nc4 Rh1+ 36. Kb2 b5 37. Ne3+ Ke4 38. Ng4 Rc8 39. Nf2+ Kf3 40. Nxh1 Nd4 41. Rg3+ Ke4 42. Rc3 Rh8 43. Nf2+ Kd5 44.
Rd3 Rh2 45. Rd2 b4 46. Ne4 1-0

[Event "*** Titled Tuesday Blitz"]
[Site "Chess.com"]
[Date "2021.04.06"]
[Round "2"]
[White "zmeeed67"]
[Black "viggi38"]
[Result "0-1"]
[WhiteElo "2413"]
[BlackElo "2642"]
[TimeControl "180+1"]
[EndTime "10:17:56 PDT"]
[Termination "viggi38 won on time"]

1. d4 f5 2. c4 Nf6 3. Nc3 g6 4. g3 Bg7 5. Bg2 O-O 6. Nh3 c6 7. d5 e5 8. dxe6 dxe6 9. O-O e5 10. e4 Qe7 11. exf5 gxf5 12. Re1 Qc7 13. Be3 Na6 14.
Ng5 h6 15. Nf3 Be6 16. Nxe5 Rad8 17. Qc1 Kh7 18. Nf3 Nb4 19. Bf4 Qc8 20. Ne5 Nh5 21.
a3 Bxe5 22. Bxe5 Nd3 23. Qe3 Nxe1 24. Rxe1 Bxc4 25. Qc5 Be6 26. Bf3 Ng7 27. Bxg7 Kxg7 28. Qe5+ Rf6 29. Bh5 Rd7 30. Ne2 Qc7 31. Nf4 Qxe5 32.
Rxe5 Bf7 33. Bf3 Rfd6 34. Rxf5 Rd2 35. b4 Ra2 36. Re5 Rxa3 37. Bg4 Rd4 38. Re7 Rxb4 39.
Nh5+ Kf8 0-1

[Event "*** Titled Tuesday Blitz"]
[Site "Chess.com"]
[Date "2021.04.06"]
[Round "2"]
[White "sewin16"]
[Black "grzechu96"]
[Result "1-0"]
[WhiteElo "2499"]
[BlackElo "2650"]
[TimeControl "180+1"]
[EndTime "10:17:57 PDT"]
[Termination "sewin16 won by resignation"]

1. e4 c5 2. Nf3 e6 3. d4 cxd4 4. Nxd4 Nf6 5. Nc3 d6 6. Bg5 Be7 7. Qe2 O-O 8. O-O-O Nxe4 9. Bxe7 Nxc3 10. Bxd8 Nxe2+ 11.
Bxe2 Rxd8 12. Nb5 Nc6 13. Nxd6 Rb8 14. Bf3 Bd7 15. Nxb7 Rxb7 16. Bxc6 Rc7 17. Bxd7 Rcxd7 18. Rxd7 Rxd7 19. Rd1 Rxd1+ 20. Kxd1 Kf8 21. Kd2 Ke7 22.
Kd3 Kd6 23. c4 Kc5 24. Kc3 e5 25. b4+ Kc6 26. a4 f5 27. g3 Kd6 28. f3 h5 29. a5 Kc6 30. b5+ Kc5 31. a6 g5 32.
Kd3 g4 33. Ke3 Kb6 34. f4 e4 35. Kd4 Kc7 36. c5 Kc8 37. b6 axb6 38. c6 Kb8 39. Kc4 b5+ 40. Kxb5 e3 41. Kb6 e2 42. a7+ Ka8 43. c7 1-0

[Event "*** Titled Tuesday Blitz"]
[Site "Chess.com"]
[Date "2021.04.06"]
[Round "2"]
[White "Chessmasterzt"]
[Black "SergioGarciaFuentes"]
[Result "1-0"]
[WhiteElo "2620"]
[BlackElo "2317"]
[TimeControl "180+1"]
[EndTime "10:17:58 PDT"]
[Termination "Chessmasterzt won on time"]

1. d4 d5 2. c4 c6 3. Nf3 Nf6 4. Nc3 a6 5. a4 g6 6. e3 Bg7 7.
Qb3 O-O 8. Bd2 a5 9. Bd3 Na6 10. cxd5 Nb4 11. Be2 Bf5 12. O-O Bc2 13. Qa3 cxd5 14.
Nb5 Nc6 15. Rfc1 Bf5 16. b4 Ne4 17. bxa5 Nxd2 18. Nxd2 e5 19. Nd6 exd4 20. Nxf5 gxf5 21.
exd4 Nxd4 22. Bd1 Qxa5 23. Qd3 Rfe8 24. Bh5 Ne2+ 25. Bxe2 1-0

[Event "*** Titled Tuesday Blitz"]
[Site "Chess.com"]
[Date "2021.04.06"]
[Round "2"]
[White "AlphaHero0"]
[Black "vlad_Sid"]
[Result "0-1"]
[WhiteElo "2081"]
[BlackElo "2598"]
[TimeControl "180+1"]
[EndTime "10:17:58 PDT"]
[Termination "vlad_Sid won by resignation"]

1. e4 c6 2. Nc3 d5 3. Nf3 dxe4 4.
Nxe4 Nf6 5. Nxf6+ exf6 6. d4 Bd6 7. Be2 O-O 8. O-O Na6 9. c4 Nc7 10. Re1 Re8 11. a3 Be6 12. Be3 Qd7 13. h3 a6 14. Qd2 b5 15. d5 cxd5 16. c5 Be5 17. Nd4 Rac8 18. Rac1 Red8 19. Qa5 f5 20. f4 Bxd4 21.
Bxd4 Qc6 22. Qc3 f6 23. Bf3 Bf7 24. g3 Ne6 25. b4 a5 26. Rcd1 axb4 27. axb4 Ra8 28.
Rd2 Ra4 29. Bd1 Ra7 30. Bf3 Nc7 31. Re7 Rda8 32. Bxf6 gxf6 33. Rxc7 Rxc7 34. Qxf6 Qxf6 0-1

[Event "*** Titled Tuesday Blitz"]
[Site "Chess.com"]
[Date "2021.04.06"]
[Round "2"]
[White "Chopper1905"]
[Black "Coiote53"]
[Result "1-0"]
[WhiteElo "2941"]
[BlackElo "2030"]
[TimeControl "180+1"]
[EndTime "10:17:58 PDT"]
[Termination "Chopper1905 won by checkmate"]

1. c4 g6 2. g3 c5 3. Bg2 Bg7 4. Nc3 Nc6 5. e3 e6 6. Nge2 Nge7 7. O-O O-O 8. Rb1 d5 9. d3 b6 10. a3 d4 11. exd4 cxd4 12. Ne4 h6 13. b4 Bb7 14. c5 Qd7 15. b5 Na5 16. c6 Naxc6 17. bxc6 Bxc6 18. Bb2 f5 19. Nd2 Bxg2 20. Kxg2 e5 21. Qb3+ Kh7 22. Rbc1 h5 23. Rc2 h4 24. Nf3 h3+ 25. Kxh3 e4 26. Ng5+ Kh6 27. Ne6 Rf6 28. Bc1+ Kh7 29. Ng5+ Kh8 30. Nf4 Bh6 31. Nf7+ Kg7 32.
Nxh6 g5 33. Nh5+ Kxh6 34. Nxf6 Qd6 35. Qf7 Rh8 36. Kg2 exd3 37. h4 f4 38. Ng4# 1-0

[Event "*** Titled Tuesday Blitz"]
[Site "Chess.com"]
[Date "2021.04.06"]
[Round "2"]
[White "WonderChampion"]
[Black "TheMagicMaik"]
[Result "0-1"]
[WhiteElo "2124"]
[BlackElo "2408"]
[TimeControl "180+1"]
[EndTime "10:17:58 PDT"]
[Termination "TheMagicMaik won by resignation"]

1. d4 Nf6 2. Bg5 h6 3. Bf4 c5 4.
e3 Qb6 5. dxc5 Qxb2 6. Nd2 g5 7. Bg3 Bg7 8. Nc4 Qc3+ 9. Nd2 Ne4 10. Rb1 Nxd2 11.
Qxd2 Qxc5 12. Ne2 d6 13. Nd4 Nc6 14. Bb5 Bd7 15. Bxc6 bxc6 16. O-O O-O 17. c3 Rab8 18.
Rfc1 Qa3 19. h4 c5 20. Nb3 Bf5 21. Ra1 a5 22. hxg5 hxg5 23. f3 a4 24. Na5 Rb2 25.
Qe1 Be6 26. Nc6 Re8 27. f4 Rxa2 28. Rxa2 Qxa2 29. fxg5 Qd5 30. Na5 c4 31. Rb1 Qxa5 32. e4 Qxc3 33. Qe2 Qxg3 0-1

[Event "*** Titled Tuesday Blitz"]
[Site "Chess.com"]
[Date "2021.04.06"]
[Round "2"]
[White "Chernobay_Artem"]
[Black "Cuajada_Zero"]
[Result "1-0"]
[WhiteElo "2616"]
[BlackElo "2306"]
[TimeControl "180+1"]
[EndTime "10:17:59 PDT"]
[Termination "Chernobay_Artem won on time"]

1. d4 Nf6 2. c4 e6 3. Nf3 d5 4. g3 Be7 5. Bg2 O-O 6. O-O dxc4 7. Qc2 a6 8. a4 Bd7 9. Qxc4 Bc6 10. Bf4 a5 11.
Nc3 Na6 12. Rfe1 Nb4 13. Qb3 Bxf3 14. Bxf3 c6 15. Rad1 Nfd5 16. Bc1 h6 17. e4 Nf6 18. Kg2 Re8 19. h4 Bf8 20. Bf4 Qb6 21. g4 Nd7 22. Be3 Qc7 23. g5 hxg5 24. hxg5 e5 25. d5 cxd5 26.
exd5 Nc5 27. Qc4 b6 28. d6 Qd7 29. Bxa8 Rxa8 30. Bxc5 bxc5 31. Rxe5 Rc8 32. Ne4 Qg4+ 33.
Kh2 Qxd1 34. Rf5 Rd8 35. Qxf7+ Kh8 36. g6 1-0

[Event "*** Titled Tuesday Blitz"]
[Site "Chess.com"]
[Date "2021.04.06"]
[Round "2"]
[White "Forantes"]
[Black "shreyansshah123"]
[Result "1-0"]
[WhiteElo "2356"]
[BlackElo "1632"]
[TimeControl "180+1"]
[EndTime "10:17:59 PDT"]
[Termination "Forantes won by checkmate"]

1. Nf3 Nf6 2. g3 g6 3. b3 Bg7 4. Bb2 O-O 5. Bg2 Nc6 6. d4 b6 7.
O-O d5 8. c4 e6 9. Nc3 Bb7 10.
e3 Ne7 11. Qc2 Nd7 12. Rac1 c5 13. Rfd1 cxd4 14. Nxd4 Rc8 15. Qe2 Qe8 16. Ncb5 Qd8 17. Nd6 Rc7 18. Nxb7 Rxb7 19. cxd5 Nxd5 20. Nc6 Qg5 21.
Bxg7 Kxg7 22. Bxd5 exd5 23. h4 Qf6 24. Rxd5 Nc5 25.
Nb4 Rd7 26. Rxd7 Nxd7 27. Nd5 Qd6 28. Qb2+ Kg8 29. e4 f5 30. Qe2 fxe4 31. Qxe4 Nc5 32. Qc4 Kh8 33. Ne3 Re8 34. Qc3+ Kg8 35. Rd1 Qe7 36.
Nd5 Qe5 37. Nf6+ Kf7 38. Qxe5 Rxe5 39. Nd7 Re7 40. Nxc5 bxc5 41. Rc1 Rc7 42. b4 Ke6 43. Rxc5 Rxc5 44. bxc5 Kd5 45. g4 Kxc5 46. Kg2 Kb4 47.
f4 Ka3 48. f5 Kb4 49. f6 Kc5 50. f7 a5 51. f8=Q+ Kb5 52. Qb8+ Kc6 53. Qb3 Kc5 54.
Qa4 Kd5 55. Kf3 Kd6 56. Qxa5 Kc6 57. Ke4 Kd6 58. Qb6+ Kd7 59. Ke5 Ke8 60. Qc7 Kf8 61. Kf6 g5 62. Qc8# 1-0

[Event "*** Titled Tuesday Blitz"]
[Site "Chess.com"]
[Date "2021.04.06"]
[Round "2"]
[White "Shahaliyev"]
[Black "The_filthy"]
[Result "1-0"]
[WhiteElo "2650"]
[BlackElo "2354"]
[TimeControl "180+1"]
[EndTime "10:18:00 PDT"]
[Termination "Shahaliyev won by resignation"]

1. e4 e6 2. Nc3 c5 3. d4 cxd4 4. Qxd4 Nc6 5. Qe3 a6 6. Bd2 Nf6 7. O-O-O b5 8. f4 b4 9. Nd5 Ng4 10. Qe1 Qa5 11. Bc4 Bc5 12. Nh3 O-O 13. Qg3 exd5 14.
exd5 Nd4 15. Qxg4 d6 16. Qh5 Bf5 17. Be3 Bg6 18. Qg4 Nf5 19. Bd2 h5 20. Qe2 Rfe8 21. Qf1 Rac8 22. Kb1 Ne3 23. Bxe3 Bxe3 24. f5 Bh7 25.
Bb3 Re5 26. Qf3 Bxf5 27. Rhe1 Bg4 28. Qg3 Bxd1 29. Rxe3 Rce8 30. Rxe5 Rxe5 31. Nf2 Bg4 32. Nd3 Qb6 33. a3 bxa3 34. Nxe5 dxe5 35. Qxe5 axb2 36. d6 a5 37. h3 Bd7 38. Qe7 Be6 39. d7 Qg1+ 40. Kxb2 Qd4+ 41. Kb1 Qg1+ 42. Ka2 Bxb3+ 43. cxb3 Qf2+ 44. Ka3 Qc5+ 45. Qxc5 1-0

[Event "*** Titled Tuesday Blitz"]
[Site "Chess.com"]
[Date "2021.04.06"]
[Round "2"]
[White "Nemsko"]
[Black "Ranindu2003"]
[Result "0-1"]
[WhiteElo "2314"]
[BlackElo "2589"]
[TimeControl "180+1"]
[EndTime "10:18:00 PDT"]
[Termination "Ranindu2003 won by resignation"]

1. e4 c5 2. Nf3 d6 3. d4 cxd4 4. Nxd4 Nf6 5. Nc3 a6 6. Be3 e5 7.
Nb3 Be7 8. h3 Be6 9. Qf3 O-O 10.
O-O-O Nc6 11. g4 Qc7 12. g5 Nd7 13. h4 b5 14. Bd3 Nc5 15. Kb1 Nxd3 16. cxd3 Qb7 17.
h5 a5 18. Nd5 Bxd5 19. exd5 Nb4 20. Qh3 Qxd5 21. g6 Nxa2 22. h6 fxg6 23. hxg7 h5 24.
Qg3 Rf6 25. Bg5 Qxb3 26. Bxf6 Bxf6 27. Rd2 Nc3+ 28. Kc1 Rc8 29. Rc2 Ne2+ 30. Kd1 0-1

[Event "*** Titled Tuesday Blitz"]
[Site "Chess.com"]
[Date "2021.04.06"]
[Round "2"]
[White "Chigorinetz"]
[Black "MasterMK73"]
[Result "1-0"]
[WhiteElo "2509"]
[BlackElo "2270"]
[TimeControl "180+1"]
[EndTime "10:18:00 PDT"]
[Termination "Chigorinetz won by resignation"]

1. e4 c5 2. Nc3 e6 3. Nge2 a6 4. g4 Nc6 5. Bg2 g6 6. d4 cxd4 7. Nxd4 Bg7 8. Nxc6 bxc6 9. h4 h6 10. Bf4 e5 11. Be3 d6 12. g5 h5 13. Qd2 Bg4 14. f3 Be6 15. O-O-O Ke7 16. f4 Qc7 17. Rhf1 Bg4 18. f5 Bxd1 19. f6+ Nxf6 20. gxf6+ Bxf6 21.
Qf2 Kf8 22. Qxf6 Kg8 23. Rxd1 Rd8 24. Bh3 Kh7 25. Rg1 Rde8 26. Bg5 Qa7 27. Rf1 Rhf8 28. Qxd6 Qb6 29. Nd5 Qb5 30. Nf6+ Kh8 31. Nxe8 Rxe8 1-0

[Event "*** Titled Tuesday Blitz"]
[Site "Chess.com"]
[Date "2021.04.06"]
[Round "2"]
[White "eljanov"]
[Black "bratkoo"]
[Result "1-0"]
[WhiteElo "2873"]
[BlackElo "2550"]
[TimeControl "180+1"]
[EndTime "10:18:01 PDT"]
[Termination "eljanov won on time"]

1. d4 d5 2. Nf3 Nf6 3. Bf4 g6 4. e3 Bg7 5. Be2 O-O 6. O-O c5 7. c3 Nc6 8. Ne5 Bf5 9. Nd2 Rc8 10. a4 Nxe5 11. Bxe5 Nd7 12. Bxg7 Kxg7 13. g4 Be6 14.
f4 f6 15. h4 Bf7 16. g5 Qb6 17.
Qb3 Qe6 18. Kf2 Bg8 19. Nf3 Qd6 20. Rh1 a6 21. Rag1 Rb8 22. h5 b5 23. axb5 axb5 24.
Qc2 b4 25. hxg6 hxg6 26. gxf6+ Rxf6 27. Ne5 bxc3 28. bxc3 cxd4 29. cxd4 Bf7 30. Rg5 Nf8 31.
Bd3 Ne6 32. Rg4 Nf8 33. Kf3 Qa3 34. Qh2 Rxf4+ 35. Rxf4 1-0

[Event "*** Titled Tuesday Blitz"]
[Site "Chess.com"]
[Date "2021.04.06"]
[Round "2"]
[White "sergeikim"]
[Black "Aleksey_Sorokin"]
[Result "1/2-1/2"]
[WhiteElo "2534"]
[BlackElo "2784"]
[TimeControl "180+1"]
[EndTime "10:18:01 PDT"]
[Termination "Game drawn by repetition"]

1. d4 Nf6 2. c4 g6 3. Nc3 d5 4.
cxd5 Nxd5 5. e4 Nxc3 6. bxc3 Bg7 7. Bc4 c5 8. Ne2 O-O 9. O-O Nc6 10. Be3 b6 11.
Qd2 Bb7 12. Rad1 Rc8 13. Bb3 cxd4 14. cxd4 Na5 15. Ng3 Nxb3 16. axb3 e6 17. Bh6 Qe7 18.
Bxg7 Kxg7 19. Qf4 Rc3 20. h4 Rxb3 21. h5 g5 22. h6+ Kxh6 23. Qg4 Kg7 24. f4 h6 25. f5 Kh7 26. Nh5 Re3 27. fxe6 Bxe4 28.
Nf6+ Kg6 29. Qh5+ Kg7 30. d5 Bg6 31. Qg4 Rd3 32. Rxd3 Bxd3 33. Nh5+ Kg8 34. Nf6+ Kg7 35. Nh5+ Kg8 36. Nf6+ Kg7 1/2-1/2

[Event "*** Titled Tuesday Blitz"]
[Site "Chess.com"]
[Date "2021.04.06"]
[Round "2"]
[White "A-Fier"]
[Black "PotapovaM"]
[Result "1-0"]
[WhiteElo "2709"]
[BlackElo "2488"]
[TimeControl "180+1"]
[EndTime "10:18:05 PDT"]
[Termination "A-Fier won by resignation"]

1. d4 Nf6 2. c4 e6 3. Nf3 d5 4.
Nc3 a6 5. cxd5 exd5 6. Bg5 Be6 7. Bxf6 Qxf6 8. Qb3 Ra7 9. g3 c6 10. Bg2 Qd8 11.
O-O Bd6 12. a4 a5 13. Ne5 O-O 14. Nd3 Na6 15. e3 Nb4 16. Rad1 Ra8 17. Ne5 f6 18. Nd3 Bf7 19. Nf4 Re8 20. Rd2 Qe7 21. Qd1 Rad8 22. Re1 Qc7 23. b3 Re7 24. Bf3 Rde8 25. Bh5 g6 26.
Be2 Qd7 27. Bf3 Qf5 28. Bg4 Qg5 29. Ng2 f5 30. Be2 Qf6 31. h4 h6 32. Bf1 g5 33.
hxg5 hxg5 34. f4 Qh6 35. Qf3 Bh5 36. Qf2 Bg4 37. fxg5 Qxg5 38. Nf4 Rh7 39. Bg2 Qh6 40. Qf1 Qh2+ 41. Kf2 Bxf4 42. exf4 Rxe1 43. Qxe1 Rh3 44. Qe8+ Kg7 45. Qe7+ Kg6 46. Ne2 Bxe2 47. Qg5+ Kf7 48. Qxf5+ Kg7 49. Qxh3 Qxh3 50. Bxh3 Bd3 51. g4 Bc2 52. g5 Bxb3 53. f5 Bc4 54. Kg3 b5 55. f6+ Kg6 56. Rf2 Kf7 57. g6+ 1-0

[Event "*** Titled Tuesday Blitz"]
[Site "Chess.com"]
[Date "2021.04.06"]
[Round "2"]
[White "esapunov"]
[Black "jonaszmb"]
[Result "1-0"]
[WhiteElo "2721"]
[BlackElo "2496"]
[TimeControl "180+1"]
[EndTime "10:18:06 PDT"]
[Termination "esapunov won by resignation"]

1. c4 Nf6 2. Nf3 g6 3. Nc3 Bg7 4. e4 d6 5. d4 O-O 6. Be2 Nc6 7.
d5 Nb4 8. O-O a5 9. h3 Na6 10.
Re1 Nc5 11. Bf1 Nfd7 12. Bg5 h6 13. Bh4 a4 14. Qd2 g5 15. Bg3 Bxc3 16. Qxc3 f6 17. Nd4 Ne5 18. f3 Ng6 19. b4 axb3 20. axb3 Bd7 21. b4 Na6 22. c5 Qe8 23. c6 Bc8 24. b5 Nc5 25. Rxa8 b6 26. Ne6 Nxe6 27. dxe6 h5 28. Bd3 h4 29. Bh2 Ne5 30. Ra7 Qh5 31.
Bxe5 fxe5 32. Be2 Bxe6 33. Rxc7 Qf7 34. Qe3 Qf6 35. Rc1 Kg7 36. Kh2 Kh6 37. Ra1 d5 38. exd5 e4 39. Qxe4 Qxa1 40. Qxe6+ Rf6 41. Qxe7 Rf7 42.
Qxf7 Qe5+ 43. f4 gxf4 44. Qh7+ Kg5 45. Rg7+ Kf6 46. Qh6+ 1-0

[Event "*** Titled Tuesday Blitz"]
[Site "Chess.com"]
[Date "2021.04.06"]
[Round "2"]
[White "KetiGrant"]
[Black "Zeeduin"]
[Result "0-1"]
[WhiteElo "2346"]
[BlackElo "2765"]
[TimeControl "180+1"]
[EndTime "10:18:06 PDT"]
[Termination "Zeeduin won on time"]

1. e4 e5 2. Nf3 Nc6 3. d4 exd4 4.
Bc4 Nf6 5. O-O Nxe4 6. Re1 d5 7. Bxd5 Qxd5 8. Nc3 Qa5 9. Nxe4 Be6 10. Neg5 O-O-O 11. Nxe6 fxe6 12. Rxe6 Bd6 13. Bg5 Rdf8 14. Bh4 Qb6 15. Bg3 Bxg3 16. hxg3 Qxb2 17. Rb1 Qxa2 18. Qe1 Qxc2 19.
Rc1 Qa4 20. Ne5 Qa5 21. Qe4 Nxe5 22. Rxe5 Qb6 23. Re7 Rd8 24. Qe5 Rd6 25. Rexc7+ Qxc7 26. Rxc7+ Kxc7 27. Qxg7+ Kb6 28. Qxh8 d3 29. Qb2+ Kc7 30. Qc3+ Kd7 31. Qd2 a5 32. Kf1 a4 33. Ke1 a3 0-1

[Event "*** Titled Tuesday Blitz"]
[Site "Chess.com"]
[Date "2021.04.06"]
[Round "2"]
[White "GM4life"]
[Black "UCantHandleDenker"]
[Result "0-1"]
[WhiteElo "2314"]
[BlackElo "2591"]
[TimeControl "180+1"]
[EndTime "10:18:06 PDT"]
[Termination "UCantHandleDenker won by resignation"]

1. e4 d6 2. d4 Nf6 3. Nc3 e5 4. Nf3 Nbd7 5. Bc4 Be7 6. O-O O-O 7. Re1 c6 8. a4 b6 9. h3 a6 10. Be3 Rb8 11. Qd2 b5 12. axb5 axb5 13. Bb3 Qc7 14.
dxe5 dxe5 15. Ra7 Rb7 16. Rxb7 Bxb7 17. Bg5 Nc5 18. Qe3 Ne6 19. Bxe6 fxe6 20. Ra1 h6 21.
Bh4 Rd8 22. Bg3 Nd7 23. Ra7 Ra8 24. Rxa8+ Bxa8 25. Qd2 Bb7 26. Nd1 Bd6 27. b3 Nc5 28. Qe3 Nd7 29. Nb2 c5 30. c4 Ba6 31. Qc3 bxc4 32. Nxc4 Bxc4 33. Qxc4 Kf7 34. h4 g6 35. Kh2 Ke7 36. h5 g5 37. Qb5 Qa7 38. Nd2 Qa8 39. f3 Qe8 40. Nc4 Qxh5+ 41. Kg1 g4 42. Qc6 Bb8 43. Nb6 Nxb6 44. Qxb6 Bd6 45. Qa7+ Kf6 46. Qd7 Be7 47. Bxe5+ Qxe5 48. Qe8 Qd4+ 49.
Kh2 gxf3 50. Qh8+ Kf7 51. Qh7+ Ke8 52. Qg8+ Kd7 53. gxf3 Qf2+ 0-1

[Event "*** Titled Tuesday Blitz"]
[Site "Chess.com"]
[Date "2021.04.06"]
[Round "2"]
[White "powermove"]
[Black "ri4mi"]
[Result "0-1"]
[WhiteElo "1645"]
[BlackElo "2358"]
[TimeControl "180+1"]
[EndTime "10:18:06 PDT"]
[Termination "ri4mi won by resignation"]

1. e4 Nf6 2. Nc3 d5 3. exd5 Nxd5 4. g3 c6 5. Bg2 g6 6. Nge2 Bg7 7. O-O O-O 8. d3 Bg4 9. Qe1 Re8 10. h3 Be6 11. Ne4 h6 12. a4 a5 13. Nc5 Bc8 14. c3 Nd7 15. Ne4 N7f6 16. Nf4 e5 17. Ne2 b6 18. Qd1 Be6 19. Bd2 Qd7 20. Qc1 Kh7 21. c4 Nb4 22.
Bxh6 Nxd3 23. Qe3 Nxe4 24. Bxg7 Kxg7 25. Qxe4 Rac8 26. Rfd1 Bf5 27. Rxd3 Qxd3 28. Qxe5+ Rxe5 0-1